 Dungeon Crawl Stone Soup version 0.31-a0-1620-gcbf77bbcfc (webtiles) character file.

Game seed: 17254833000691748512

561 Laraso the Slasher (level 7, 55/57 HPs)
             Began as a Grey Draconian Monk on Jan 11, 2024.
             Was a Believer of Lugonu.
             Quit the game on level 4 of the Dungeon.
             The game lasted 00:04:09 (3524 turns).

Laraso the Slasher (Grey Draconian Monk)            Turns: 3524, Time: 00:04:10

Health: 55/57      AC: 13    Str: 13    XL:     7   Next: 9%
Magic:  10/10      EV: 16    Int: 11    God:    Lugonu [**....]
Gold:   183        SH:  0    Dex: 15    Spells: 6/6 levels left

rFire   . . .        a - +0 falchion
rCold   . . .        c - orb {light}
rNeg    . . .        (body armour unavailable)
rPois   .            (helmet restricted)
rElec   .            d - +1 cloak of Starlight {*Dazzle EV+4 Stlth--}
rCorr   .            (no gloves)
SInv    .            (no boots)
Will    .....        k - amulet of faith Stlth
                     (no ring)
HPRegen 0.29/turn    (no ring)
MPRegen 0.12/turn

%: faith
@: glowing
A: AC +11, amphibious, unfitting armour, cold-blooded
a: Renounce Religion, Depart the Abyss, Banish


You were on level 4 of the Dungeon.
You worshipped Lugonu.
Lugonu was pleased with you.
You visited 1 branch of the dungeon, and saw 4 of its levels.

You collected 183 gold pieces.

Inventory:

Hand Weapons
 a - a +0 falchion (weapon)
Missiles
 e - 5 atropa-tipped darts (quivered)
 g - a throwing net
Armour
 c - an orb of light (worn)
 d - the +1 cloak of Starlight (worn) {*Dazzle EV+4 Stlth--}
   (You acquired it on level 2 of the Dungeon)

   *Dazzle:   It may blind those who miss an attack against the wearer in melee
   combat.
   EV+4:      It affects your evasion (+4).
   Stlth--:   It makes you much less stealthy.
Jewellery
 k - an amulet of faith (around neck)
Scrolls
 h - a scroll of enchant armour {unknown}
 j - 3 scrolls of teleportation
 n - a scroll of identify
 o - a scroll of amnesia
 p - a scroll of noise {unknown}
Potions
 b - a potion of ambrosia
 f - a potion of attraction
 i - 2 potions of curing
 l - a potion of heal wounds {unknown}
 m - a potion of brilliance {unknown}


   Skills:
 - Level 3.2 Fighting
 - Level 5.0 Long Blades
 - Level 4.0 Throwing
 - Level 2.6 Dodging
 + Level 4.6 Invocations


You had 6 spell levels left.
You didn't know any spells.
Your spell library was empty.

Dungeon Overview and Level Annotations

Branches:
Dungeon (4/15)
 Temple: D:4-7

Altars:
Lugonu

Portals:
Abyss: D:3

Annotations:
D:3 1 runed translucent door, Phlounder's ghost, amateur DjRe


Innate Abilities, Weirdness & Mutations

Your dull iron-grey scales are very hard. (AC +11)
You are amphibious.
You cannot fit into any form of body armour.
You are cold-blooded and may be slowed by cold attacks.


Message History

Found a stone staircase leading down.
An ogre comes into view. It is wielding a +0 giant club.
The ogre shouts!
There is an open door here.
The ogre hits you with a +0 giant club.
You hit the ogre.
The ogre is lightly wounded.
You slash the ogre!
The ogre is heavily wounded.
The ogre misses you.
You hit the ogre.
The ogre is heavily wounded.
The ogre barely misses you.
The ogre is temporarily struck blind!
An orc comes into view. It is wielding a +0 whip.
The orc shouts!
You slash the ogre!
The ogre is almost dead.
You hit the ogre.
The ogre is almost dead.
The ogre barely misses you.
The ogre's sight is seared by the starlight!
An adder comes into view.
The adder hisses angrily.
You hit the ogre.
The ogre is almost dead.
The ogre misses you.
You hit the ogre but do no damage.
You tail-slap the ogre, but do no damage.
The ogre is almost dead.
You hit the ogre but do no damage.
You tail-slap the ogre, but do no damage.
The ogre is almost dead.
The ogre barely misses you.
You hit the ogre.
You kill the ogre!
Lugonu accepts your kill.
You have reached level 7!
Your scales start taking on a dull iron-grey colour.
You learn Air Magic much slower.
You learn Earth Magic much quicker.
Are you sure you want to abandon this character and quit the game? (Confirm with "yes".)

#+####'## #.......#
#.>.....#...# #.......#...#
#.......+...# #......##...#
#....oS##...# #...)@.##...#
############'##...######
#....#...[...#.....#...#
######....#.......##...##...##
#.........#.......##...##....#
#.........#..................#
#...##....##......##.....[...#
#...##....#.......##.........#
#...##....#+##.....'.........#


You could see an adder and an orc.

Vanquished Creatures
  Edmund (D:4)
  2 ogres (D:4)
  A scorpion (D:4)
  A hound (D:4)
  Terence (D:3)
  8 gnolls (D:2)
  3 adders
  2 dart slugs
  4 endoplasms
  2 giant cockroaches
  4 goblins
  7 hobgoblins
  5 jackals
  A kobold (D:1)
  3 quokkas
  2 ball pythons (D:1)
  7 bats
  4 frilled lizards
  6 rats
  2 lurking horrors (D:3)
66 creatures vanquished.

Notes
Turn   | Place    | Note
-------+----------+-------------------------------------------
     0 | D:1      | Laraso the Draconian Monk began the quest for the Orb.
     0 | D:1      | Reached XP level 1. HP: 19/19 MP: 1/1
   298 | D:1      | Reached skill level 1 in Throwing
   301 | D:1      | Reached XP level 2. HP: 17/26 MP: 2/2
   828 | D:2      | Reached skill level 4 in Long Blades
   828 | D:2      | Reached XP level 3. HP: 31/31 MP: 3/3
   985 | D:2      | Identified a scroll of acquirement
   985 | D:2      | Acquired the +1 cloak of Starlight {*Dazzle EV+4 Stlth--}
   985 | D:2      | Found the +1 cloak of Starlight {*Dazzle EV+4 Stlth--}
  1099 | D:2      | Reached XP level 4. HP: 38/38 MP: 4/4
  1109 | D:2      | Reached skill level 5 in Long Blades
  1524 | D:3      | Found a corrupted altar of Lugonu.
  1528 | D:3      | Found a one-way gate to the infinite horrors of the Abyss.
  1673 | D:3      | Became a worshipper of Lugonu the Unformed
  1673 | D:3      | Reached * piety under Lugonu
  1673 | D:3      | Reached ** piety under Lugonu
  2022 | D:3      | Reached XP level 5. HP: 37/45 MP: 5/5
  2148 | D:3      | Noticed Terence
  2396 | D:3      | Found a runed translucent door.
  2700 | D:3      | Noticed Phlounder's ghost (amateur DjRe)
  2857 | D:3      | Killed Terence
  2858 | D:3      | Reached skill level 1 in Invocations
  3080 | D:4      | Noticed an ogre
  3092 | D:4      | Killed an ogre
  3093 | D:4      | Reached XP level 6. HP: 23/51 MP: 5/7
  3278 | D:4      | Noticed Edmund
  3313 | D:4      | Killed Edmund
  3524 | D:4      | Your scales start taking on a dull iron-grey colour.
  3524 | D:4      | Reached XP level 7. HP: 55/57 MP: 10/10
  3524 | D:4      | Quit the game

Illustrated notes

Levels and vault maps discovered:
D:1:      eino_arrival_water_star, layout_basic
D:2:      layout_basic, minmay_between
D:3:      mumra_celtic_spiral_tile, layout_basic, ebering_ghost_reflecting_pool,
          amcnicky_altar_lugonu_corruption, uniq_terence
D:4:      layout_gridville, kennysheep_nondescript, uniq_sigmund, uniq_edmund,
          uniq_blork_the_orc

Skill      XL: |  1  2  3  4  5  6 |
---------------+-------------------+-----
Throwing       | 1 2 3 4 |  4.0
Long Blades    | 4 5 |  5.0
Invocations    | 2 4 |  4.6
Fighting       | |  3.2
Dodging        | |  2.6

Action                     |  1- 3 |  4- 6 |  7- 9 || total
---------------------------+-------+-------+-------++-------
  Melee: Falchion          |    74 |   147 |       ||   221
         Tailslap          |    13 |    24 |       ||    37
  Throw: Dart              |     4 |     9 |       ||    13
    Use: Scroll            |     4 |     2 |       ||     6
         Potion            |       |     2 |       ||     2
   Stab: Invisible         |     1 |    11 |       ||    12
 Armour: Skin              |    37 |    43 |       ||    80
  Dodge: Dodged            |    58 |   106 |       ||   164

Table legend: (Time is in decaauts)
 A = Elapsed time spent in this place.
 B = Non-inter-level travel time spent in this place.
 C = Inter-level travel time spent in this place.
 D = Time resting spent in this place.
 E = Time spent auto-exploring this place.
 F = Levels seen in this place.
 G = Mean time per level.
                   A        B        C        D        E       F      G
               +--------+--------+--------+--------+--------+-----+--------+
         Total |   3541 |   3308 |    233 |    368 |   2316 |   4 |  885.2 |
       Dungeon |   3541 |   3308 |    233 |    368 |   2316 |   4 |  885.2 |
               +--------+--------+--------+--------+--------+-----+--------+

Top non-repeatable levels by time:
     D:3: 1393 daAuts
     D:2: 947 daAuts
     D:1: 747 daAuts
     D:4: 452 daAuts
